 Dungeon Crawl Stone Soup version 0.29.1-12-g30fa7ad0bf (webtiles) character file.

Game seed: 9123517737420319411

4 MajorAdolf the Digger (level 1, -1/15 HPs)
             Began as a Naga Wanderer on Jan 14, 2023.
             Slain by a ball python (2 damage)
             ... on level 1 of the Dungeon.
             The game lasted 00:00:57 (189 turns).

MajorAdolf the Digger (Naga Wanderer)                Turns: 189, Time: 00:00:58

Health: -1/15      AC:  3    Str: 14    XL:     1   Next: 60%
Magic:  2/2        EV:  8    Int: 14    God:
Gold:   10         SH:  3    Dex:  8    Spells: 2/2 levels left

rFire   . . .      SeeInvis +   a - +0 club
rCold   . . .      Faith    .   d - +0 buckler
rNeg    . . .      Spirit   .   f - +0 ring mail
rPois   +          Reflect  .   (no helmet)
rElec   .          Harm     .   (no cloak)
rCorr   .          Rampage  .   (no gloves)
Will    .....                   (no barding)
Stlth   ..........              (no amulet)
HPRegen 0.05/turn               (no ring)
MPRegen 0.08/turn               (no ring)

@: short of breath, very slow
A: AC +0, large, see invisible, deformed body, poison resistance, slowness 2,
spit poison 1, naga tail 1
a: Spit Poison


You were on level 1 of the Dungeon.
You visited 1 branch of the dungeon, and saw 1 of its levels.

You collected 10 gold pieces.

Inventory:

Hand Weapons
 a - a +0 club (weapon)
Armour
 c - a +0 robe
 d - a +0 buckler (worn)
 f - a +0 ring mail (worn)
Scrolls
 b - a scroll of blinking
 g - 2 scrolls of magic mapping {unknown}
Potions
 e - a potion of resistance {unknown}


   Skills:
 - Level 1.0 Armour
 - Level 1.0 Dodging
 + Level 2.1 Shields
 - Level 1.0 Spellcasting
 - Level 2.0 Translocations
 - Level 3.0 Earth Magic


You had 2 spell levels left.
You didn't know any spells.
Your spell library contained the following spells:

 Spells                   Type           Power      Damage    Failure   Level
 Sandblast                Erth           18%        2d7       19%         1
 Apportation              Tloc           12%        N/A       28%         1
 Gell's Gravitas          Tloc           6%         N/A       65%         3
 Animate Armour           Summ/Erth      8%         N/A       98%         4
 Petrify                  Tmut/Erth      4%         N/A       98%         4


Dungeon Overview and Level Annotations

Branches:
Dungeon (1/15)

Altars:


Innate Abilities, Weirdness & Mutations

Your serpentine skin is tough. (AC +0)
You have supernaturally acute eyesight. (SInv)
Armour fits poorly on your strangely shaped body.
Your system is resistant to poisons. (rPois)
You cover ground very slowly.
You can spit poison.
You have a snake-like lower body.


Message History

Aim: a ball python (48% to hit)
The splash of poison misses the ball python.
The ball python bites you but does no damage.
Unknown command.
You hit the ball python but do no damage.
The ball python bites you but does no damage.
You hit the ball python but do no damage.
The ball python bites you.
* * * LOW HITPOINT WARNING * * *
The ball python barely misses you.
You hit the ball python.
The ball python is severely wounded.
The ball python barely misses you. The ball python bites you.
* * * LOW HITPOINT WARNING * * *
The ball python attacks as you move away!
The ball python bites you.
* * * LOW HITPOINT WARNING * * *
You have got your breath back.
The ball python closely misses you.
Aiming: Spit Poison (3% risk of failure)
Press: ? - help, Shift-Dir - straight line, f/p - ball python
Aim: a ball python (severely wounded, 48% to hit)
The splash of poison misses the ball python.
The ball python misses you.
Unknown command.
The ball python attacks as you move away!
The ball python barely misses you. You block the ball python's attack.
The ball python misses you.
You have got your breath back.
Aiming: Spit Poison (3% risk of failure)
Press: ? - help, Shift-Dir - straight line, f/p - ball python
Aim: a ball python (severely wounded, 48% to hit)
The splash of poison misses the ball python.
The ball python bites you but does no damage.
The ball python closely misses you.
Unknown command.
Found a scroll of blinking.
The ball python closely misses you.
The ball python attacks as you move away!
The ball python bites you.
You die...

.................
.........S.......######
###..................#
#......#########.....#
#....................#
#.......#######......+
###+###.#######......#
?.###.###...............
.......@S..######.#.##.#
#............# #.#....#
#.########.#.####.######
#.#......# #.########
#.# #.# #.# #(#


You could see a ball python.

Vanquished Creatures
  A goblin (D:1)
  A jackal (D:1)
  2 ball pythons (D:1)
4 creatures vanquished.

Notes
Turn   | Place    | Note
-------+----------+-------------------------------------------
     0 | D:1      | MajorAdolf the Naga Wanderer began the quest for the Orb.
     0 | D:1      | MajorAdolf set off with the following items: a +0 club, a
                  | scroll of blinking, a +0 robe, a +0 buckler; and the
                  | following spells available to memorise: Sandblast,
                  | Apportation, Gell's Gravitas, Animate Armour, Petrify.
     0 | D:1      | Reached XP level 1. HP: 15/15 MP: 2/2
   189 | D:1      | Slain by a ball python

Illustrated notes

Levels and vault maps discovered:
D:1:      mushboom_english_gardens, layout_basic,
          shapermc_ecumenical_altar_rom_forum, minmay_ruptured

Skill      XL: |  1 |
---------------+----+-----
Shields        | 2 |  2.1
Armour         | |  1.0
Dodging        | |  1.0
Spellcasting   | |  1.0
Translocations | |  2.0
Earth Magic    | |  3.0

Action                   || total
-------------------------++-------
Melee: Club              ||     6
 Abil: Spit Poison       ||    10
Armor: Ring mail         ||     8
Dodge: Dodged            ||    12
Block: Buckler           ||     7
